 Dungeon Crawl Stone Soup version 0.23.0 (webtiles) character file.

Game seed: 7958463826769039791

975 tidbits the Charmwright (level 8, -7/63 HPs)
             Began as a Gnoll Skald on Feb 11, 2019.
             Mangled by a hippogriff (8 damage)
             ... on level 7 of the Dungeon.
             The game lasted 00:15:09 (1797 turns).

tidbits the Charmwright (Gnoll Skald)               Turns: 1797, Time: 00:15:10

Health: -7/63      AC:  5    Str: 13 (14) XL:     8   Next: 16%
Magic:  12/16      EV: 14    Int: 16 (18) God:
Gold:   82         SH:  0    Dex: 13 (14) Spells: 5/18 levels left

rFire    + . .     SeeInvis .   a - +1 trident (venom)
rCold    . . .     Gourm    .   (no shield)
rNeg     . . .     Faith    .   b - +0 leather armour
rPois    .         Spirit   .   (no helmet)
rElec    .         Reflect  .   (no cloak)
rCorr    .         Harm     .   G - +1 pair of gloves
MR       .....                  (no boots)
Stlth    ++........             (no amulet)
HPRegen  0.20/turn              (no ring)
MPRegen  0.15/turn              (no ring)

@: no status effects
A: distributed training, fangs 1, hooves 1, fire resistance 1, MP-powered wands,
strong nose
a: no special abilities


You were on level 7 of the Dungeon.
You were not hungry.

You visited 1 branch of the dungeon, and saw 9 of its levels.

You collected 215 gold pieces.
You spent 133 gold pieces at shops.

Inventory:

Hand Weapons
 a - a +1 trident of venom (weapon)
   (You took it off an orc priest on level 8 of the Dungeon)
 c - a +2 short sword of venom
   (You took it off a kobold on level 1 of the Dungeon)
 e - a +0 morningstar
 l - a +1 whip of flaming
   (You took it off a gnoll on level 2 of the Dungeon)
 p - a +0 quarterstaff of protection
   (You found it on level 3 of the Dungeon)
 w - a cursed -2 long sword
 x - a +0 war axe
 y - a +0 flail of draining
   (You found it on level 6 of the Dungeon)
 F - a +0 spear
Missiles
 h - 29 bolts
 q - 28 arrows
 B - 7 curare-tipped needles
 I - 2 throwing nets (quivered) {!f}
Armour
 b - a +0 leather armour (worn)
 G - a +1 pair of gloves (worn)
Wands
 u - a wand of flame (17)
 E - a wand of random effects (6)
 H - a wand of acid (9)
Scrolls
 f - a scroll of amnesia
 k - a scroll of magic mapping
 n - a scroll of enchant armour
 o - 3 scrolls of fog
 r - a scroll of remove curse
 t - 3 scrolls of teleportation
 C - a scroll of fear
 D - a scroll of noise {!r}
Potions
 g - a potion of might
 i - a potion of flight {unknown}
 j - a potion of degeneration {!q}
 m - 4 potions of curing
 s - 2 potions of agility
 v - a potion of ambrosia
 A - a potion of lignification {unknown}
Comestibles
 d - 2 rations


   Skills:
 + Level 5.5 Fighting
 + Level 3.0 Short Blades
 + Level 3.0 Long Blades
 + Level 3.0 Axes
 + Level 3.0 Maces & Flails
 + Level 5.5 Polearms
 + Level 3.0 Staves
 + Level 3.0 Slings
 + Level 3.0 Bows
 + Level 3.0 Crossbows
 + Level 3.0 Throwing
 + Level 4.0 Armour
 + Level 5.5 Dodging
 + Level 3.0 Stealth
 + Level 3.0 Shields
 + Level 3.0 Unarmed Combat
 + Level 5.8 Spellcasting
 + Level 2.4 Conjurations
 + Level 2.4 Hexes
 + Level 6.0 Charms
 + Level 2.4 Summonings
 + Level 2.4 Necromancy
 + Level 2.4 Translocations
 + Level 2.4 Transmutations
 + Level 2.4 Fire Magic
 + Level 2.4 Ice Magic
 + Level 2.4 Air Magic
 + Level 2.4 Earth Magic
 + Level 2.4 Poison Magic
 + Level 3.2 Invocations
 + Level 3.0 Evocations


You had 5 spell levels left.
You knew the following spells:

 Your Spells              Type           Power        Failure   Level  Hunger
b - Blink                 Tloc           N/A          10%         2    #......
g - Shroud of Golubria    Chrm/Tloc      ###.......   4%          2    #......
i - Infusion              Chrm           ###.         1%          1    None
r - Regeneration          Chrm/Necr      ###.......   9%          3    ##.....
w - Spectral Weapon       Hex/Chrm       ###.....     9%          3    ##.....
y - Song of Slaying       Chrm           ###.....     2%          2    #......

Your spell library contained the following spells:

 Spells                   Type           Power        Failure   Level  Hunger
 Magic Dart               Conj           ##..         6%          1    None
 Call Imp                 Summ           ##......     10%         2    #......
 Slow                     Hex            ##......     10%         2    #......
 Conjure Flame            Conj/Fire      ##......     19%         3    ##.....
 Mephitic Cloud           Conj/Pois/Air  ##......     19%         3    ##.....


Dungeon Overview and Level Annotations

Branches:
Dungeon (9/15)
 Temple: D:4-7         Lair: D:8-11         Orc: D:9-12

Altars:
Wu Jian
Zin

Shops:
D:7 ?   D:8 *

Annotations:
D:7 Harold


Innate Abilities, Weirdness & Mutations

Your experience applies equally to all skills.
You have very sharp teeth.
Your uncanny sense of smell can sniff out nearby items.
You have large cloven feet.
Your flesh is heat resistant. (rF+)
You expend magic power (3 MP) to strengthen your wands.


Message History

You climb downwards.
Found 2 potions of curing and a leather armour.
There is a stone staircase leading up here.
Unknown command.
Found a robe.
You see here 2 potions of curing.
m - 4 potions of curing (gained 2)
Found a flail.
You see here a flail.
Found a stone staircase leading down.
There is a stone staircase leading down here.
You climb downwards.
A quokka comes into view.
There is a stone staircase leading up here.
Unknown command.
You climb upwards.
There is a stone staircase leading down here.
Unknown command.
Found 2 throwing nets.
You see here 2 throwing nets {!f}.
I - 2 throwing nets {!f}
There is a stone staircase leading up here.
You climb upwards.
There is a stone staircase leading down here.
Unknown command.
Items here: )) [ †††
Things that are here:
a +0 spear; a gnoll corpse
Found a giant spiked club.
A hippogriff comes into view.
Casting: Spectral Weapon (safe; 8% risk of failure)
Confirm with . or Enter, or press ? or * to list all spells.
You draw out your weapon's spirit!
The hippogriff screeches!
You hear a shout!
Unknown command.
Throwing (i - inventory. (/) - cycle)
z - 2 tomahawks (quivered)
Press: ? - help, Shift-Dir - straight line, f - hippogriff
Aim: a hippogriff You throw a tomahawk.
The tomahawk hits the hippogriff.
The hippogriff is lightly wounded.
Harold the Weathered comes into view.
He is wielding a +0 battleaxe and wearing a +1 chain mail of magic resistance.
Throwing (i - inventory. (/) - cycle)
z - a tomahawk (quivered)
Press: ? - help, Shift-Dir - straight line, f/p - hippogriff
Aim: a hippogriff (lightly wounded)
You throw a tomahawk. The tomahawk hits the hippogriff.
The hippogriff is lightly wounded.
Harold points at you and mumbles some strange words.
The harpoon shot hits you.
You are yanked forward by the harpoon shot.
Harold hits you with a +0 battleaxe!
Unknown command.
You hit the hippogriff but do no damage.
The hippogriff is poisoned.
The hippogriff is lightly wounded.
Your spectral weapon hits the hippogriff.
The hippogriff looks as sick as possible!
The hippogriff completely misses you. The hippogriff misses you.
The hippogriff barely misses you.
Casting: Spectral Weapon (safe; 8% risk of failure)
Confirm with . or Enter, or press ? or * to list all spells.
Space distorts slightly along a thin shroud covering your body.
The hippogriff bites you. The hippogriff pecks you.
The hippogriff claws you but does no damage.
Harold closely misses you.
Unknown command.
You hit the hippogriff.
The hippogriff looks as sick as possible!
You bite the hippogriff.
The hippogriff is moderately wounded.
Your spectral weapon barely misses the hippogriff.
The hippogriff bites you! The hippogriff misses you. x2
Harold says, "This is so exciting!
What a great way to end my career!"
Harold hits you with a +0 battleaxe!!
* * * LOW HITPOINT WARNING * * *
It was a potion of degeneration.
There was something very wrong with that liquid.
You feel weakened.
You feel dopey.
You feel clumsy. The hippogriff misses you.
The hippogriff pecks you but does no damage.
The hippogriff closely misses you.
Your shroud bends Harold's attack away!!
You puncture the hippogriff! Your kick misses the hippogriff.
The hippogriff is severely wounded.
Your spectral weapon hits the hippogriff.
The hippogriff looks as sick as possible!
The hippogriff bites your spectral weapon but does no damage.
The hippogriff barely misses your spectral weapon.
The hippogriff claws your spectral weapon.
Your spectral weapon shares its damage with you!
* * * LOW HITPOINT WARNING * * *
You catch the helpless hippogriff completely off-guard!
You puncture the hippogriff!
The hippogriff looks as sick as possible!
The hippogriff is almost dead.
Your spectral weapon barely misses the hippogriff.
Harold hits you with a +0 battleaxe!
* * * LOW HITPOINT WARNING * * *
Your shroud falls apart!
The hippogriff bites you!
You die...

##...........#
##.#
#...##....†..#
#.#
#..########..#
#.# #..## #..#
#.# ∆ #...##
#..# #.#
##...####
#.<## #.#
##.(((.#
##..####.#
#H...#
##..#..#
#@..## ##...#
#.@.# #...# ∆
#..## ##...##
#.## #.....###
..# #.####..#.
.## #.# ##...
# #.# #... ..
##.# ##..


You could see Harold, a hippogriff and a friendly spectral +1 trident of venom.

Vanquished Creatures
  Grinder (D:5)
  A water moccasin (D:7)
  An ogre (D:4)
  A centaur (D:6)
  A bullfrog (D:7)
  A hound (D:8)
  A quasit (D:6)
  A jelly (D:5)
  An orc priest (D:8)
  A centaur skeleton (D:5)
  A gnoll shaman (D:7)
  An iguana (D:7)
  A worker ant (D:7)
  A hound zombie (D:5)
  8 gnolls
  7 adders
  An ooze (D:4)
  A worm (D:2)
  A leopard gecko (D:1)
  9 orcs
  3 giant cockroaches (D:2)
  9 goblins
  8 hobgoblins
  A quokka (D:6)
  2 ball pythons
  6 bats
  3 frilled lizards
  4 kobolds (D:1)
  A leopard gecko skeleton (D:7)
  6 rats
84 creatures vanquished.

Notes
Turn   | Place    | Note
-------+----------+-------------------------------------------
     0 | D:1      | tidbits the Gnoll Skald began the quest for the Orb.
     0 | D:1      | Reached XP level 1. HP: 20/20 MP: 6/6
    90 | D:1      | Found a glowing silver altar of Zin.
    92 | D:1      | Reached XP level 2. HP: 26/26 MP: 2/7
   116 | D:1      | Learned a level 2 spell: Song of Slaying
   119 | D:1      | Learned a level 2 spell: Shroud of Golubria
   184 | D:2      | Reached XP level 3. HP: 23/31 MP: 5/9
   187 | D:2      | Reached skill level 5 in Spellcasting
   192 | D:2      | Learned a level 3 spell: Regeneration
   197 | D:2      | Learned a level 3 spell: Spectral Weapon
   360 | D:2      | Reached skill level 1 in Invocations
   373 | D:2      | Reached skill level 1 in Short Blades
   373 | D:2      | Reached skill level 1 in Long Blades
   373 | D:2      | Reached skill level 1 in Axes
   373 | D:2      | Reached skill level 1 in Maces & Flails
   373 | D:2      | Reached skill level 1 in Staves
   373 | D:2      | Reached skill level 1 in Slings
   373 | D:2      | Reached skill level 1 in Bows
   373 | D:2      | Reached skill level 1 in Crossbows
   373 | D:2      | Reached skill level 1 in Throwing
   373 | D:2      | Reached skill level 1 in Stealth
   373 | D:2      | Reached skill level 1 in Shields
   373 | D:2      | Reached skill level 1 in Unarmed Combat
   373 | D:2      | Reached skill level 1 in Evocations
   373 | D:2      | Reached XP level 4. HP: 36/38 MP: 2/11
   416 | D:2      | Reached skill level 1 in Conjurations
   416 | D:2      | Reached skill level 1 in Hexes
   416 | D:2      | Reached skill level 1 in Summonings
   416 | D:2      | Reached skill level 1 in Necromancy
   416 | D:2      | Reached skill level 1 in Translocations
   416 | D:2      | Reached skill level 1 in Transmutations
   416 | D:2      | Reached skill level 1 in Fire Magic
   416 | D:2      | Reached skill level 1 in Ice Magic
   416 | D:2      | Reached skill level 1 in Air Magic
   416 | D:2      | Reached skill level 1 in Earth Magic
   416 | D:2      | Reached skill level 1 in Poison Magic
   587 | D:5      | Entered Level 5 of the Dungeon
   587 | D:5      | Noticed Grinder
   589 | D:5      | Paralysed by Grinder for 4 turns
   624 | D:4      | Reached XP level 5. HP: 38/43 MP: 6/12
   637 | D:4      | Found an ornate altar of the Wu Jian Council.
   715 | D:4      | Noticed an ogre
   726 | D:4      | Killed an ogre
   726 | D:4      | Reached skill level 3 in Armour
   774 | D:3      | Reached XP level 6. HP: 36/50 MP: 2/13
   800 | D:3      | Gained mutation: You have large cloven feet. [potion of
                  | mutation]
   800 | D:3      | Gained mutation: You expend magic power (3 MP) to
                  | strengthen your wands. [potion of mutation]
   800 | D:3      | Gained mutation: Your flesh is heat resistant. (rF+)
                  | [potion of mutation]
   896 | D:5      | Reached skill level 2 in Invocations
  1024 | D:5      | Paralysed by Grinder for 7 turns
  1036 | D:5      | Killed Grinder
  1036 | D:5      | Reached skill level 5 in Fighting
  1036 | D:5      | Reached skill level 2 in Short Blades
  1036 | D:5      | Reached skill level 2 in Long Blades
  1036 | D:5      | Reached skill level 2 in Axes
  1036 | D:5      | Reached skill level 2 in Maces & Flails
  1036 | D:5      | Reached skill level 5 in Polearms
  1036 | D:5      | Reached skill level 2 in Staves
  1036 | D:5      | Reached skill level 2 in Slings
  1036 | D:5      | Reached skill level 2 in Bows
  1036 | D:5      | Reached skill level 2 in Crossbows
  1036 | D:5      | Reached skill level 2 in Throwing
  1036 | D:5      | Reached skill level 5 in Dodging
  1036 | D:5      | Reached skill level 2 in Stealth
  1036 | D:5      | Reached skill level 2 in Shields
  1036 | D:5      | Reached skill level 2 in Unarmed Combat
  1036 | D:5      | Reached skill level 2 in Evocations
  1036 | D:5      | Reached XP level 7. HP: 39/56 MP: 1/15
  1184 | D:6      | Reached skill level 2 in Conjurations
  1184 | D:6      | Reached skill level 2 in Hexes
  1184 | D:6      | Reached skill level 2 in Summonings
  1184 | D:6      | Reached skill level 2 in Necromancy
  1184 | D:6      | Reached skill level 2 in Translocations
  1184 | D:6      | Reached skill level 2 in Transmutations
  1184 | D:6      | Reached skill level 2 in Fire Magic
  1184 | D:6      | Reached skill level 2 in Ice Magic
  1184 | D:6      | Reached skill level 2 in Air Magic
  1184 | D:6      | Reached skill level 2 in Earth Magic
  1184 | D:6      | Reached skill level 2 in Poison Magic
  1318 | D:6      | Learned a level 2 spell: Blink
  1424 | D:7      | Reached skill level 3 in Invocations
  1425 | D:7      | Found Obirgh's Magic Scroll Emporium.
  1433 | D:7      | Bought a scroll of teleportation for 42 gold pieces
  1433 | D:7      | Bought a scroll of fear for 49 gold pieces
  1433 | D:7      | Bought a scroll of teleportation for 42 gold pieces
  1488 | D:8      | Found Opyfod's Mass Market.
  1572 | D:7      | Reached XP level 8. HP: 62/63 MP: 7/16
  1576 | D:7      | Reached skill level 6 in Charms
  1612 | D:7      | Reached skill level 4 in Armour
  1642 | D:7      | Reached skill level 3 in Short Blades
  1642 | D:7      | Reached skill level 3 in Long Blades
  1642 | D:7      | Reached skill level 3 in Axes
  1642 | D:7      | Reached skill level 3 in Maces & Flails
  1642 | D:7      | Reached skill level 3 in Staves
  1642 | D:7      | Reached skill level 3 in Slings
  1642 | D:7      | Reached skill level 3 in Bows
  1642 | D:7      | Reached skill level 3 in Crossbows
  1642 | D:7      | Reached skill level 3 in Throwing
  1642 | D:7      | Reached skill level 3 in Stealth
  1642 | D:7      | Reached skill level 3 in Shields
  1642 | D:7      | Reached skill level 3 in Unarmed Combat
  1642 | D:7      | Reached skill level 3 in Evocations
  1788 | D:7      | Noticed a hippogriff
  1790 | D:7      | Noticed Harold
  1794 | D:7      | HP: 11/63 [Harold/+0 battleaxe (21)]
  1797 | D:7      | HP: 1/63 [Harold/+0 battleaxe (8)]
  1797 | D:7      | Mangled by a hippogriff

Skill      XL: |  1  2  3  4  5  6  7  8 |
---------------+-------------------------+-----
Spellcasting   | 5 |  5.8
Invocations    | 1 2 3 |  3.2
Short Blades   | 1 2 3 |  3.0
Long Blades    | 1 2 3 |  3.0
Axes           | 1 2 3 |  3.0
Maces & Flails | 1 2 3 |  3.0
Staves         | 1 2 3 |  3.0
Slings         | 1 2 3 |  3.0
Bows           | 1 2 3 |  3.0
Crossbows      | 1 2 3 |  3.0
Throwing       | 1 2 3 |  3.0
Stealth        | 1 2 3 |  3.0
Shields        | 1 2 3 |  3.0
Unarmed Combat | 1 2 3 |  3.0
Evocations     | 1 2 3 |  3.0
Conjurations   | 1 2 |  2.4
Hexes          | 1 2 |  2.4
Summonings     | 1 2 |  2.4
Necromancy     | 1 2 |  2.4
Translocations | 1 2 |  2.4
Transmutations | 1 2 |  2.4
Fire Magic     | 1 2 |  2.4
Ice Magic      | 1 2 |  2.4
Air Magic      | 1 2 |  2.4
Earth Magic    | 1 2 |  2.4
Poison Magic   | 1 2 |  2.4
Armour         | 3 4 |  4.0
Fighting       | 5 |  5.5
Polearms       | 5 |  5.5
Dodging        | 5 |  5.5
Charms         | 6 |  6.0

Action                   |  1- 3 |  4- 6 |  7- 9 || total
-------------------------+-------+-------+-------++-------
Melee: Spear             |    89 |    98 |    50 ||   237
       Bite              |     1 |    10 |     7 ||    18
       Kick              |       |     3 |    16 ||    19
       Punch             |       |     1 |       ||     1
       Morningstar       |       |       |     9 ||     9
       Trident           |       |       |    15 ||    15
Throw: Stone             |     1 |     1 |       ||     2
       Tomahawk          |       |       |     2 ||     2
 Cast: Infusion          |     4 |       |       ||     4
       Spectral Weapon   |     2 |    11 |    13 ||    26
       Song of Slaying   |     2 |     1 |     1 ||     4
       Regeneration      |     1 |     2 |     4 ||     7
       Shroud of Golubri |       |     1 |     3 ||     4
Evoke: Wand              |       |     4 |       ||     4
  Use: Scroll            |     1 |     3 |     6 ||    10
       Potion            |       |     3 |     1 ||     4
 Stab: Sleeping          |       |     3 |       ||     3
       Distracted        |       |     1 |     1 ||     2
  Eat: Ration            |       |     1 |     1 ||     2
       Chunk             |       |       |     1 ||     1
Armor: Leather armour    |    11 |     9 |    18 ||    38
Dodge: Dodged            |    49 |    39 |    51 ||   139

Table legend:
 A = Turns spent in this place as a percentage of turns spent in the entire game.
 B = Non-inter-level travel turns spent in this place as a percentage of non-inter-level travel turns spent in the entire game.
 C = Inter-level travel turns spent in this place as a percentage of turns spent in this place.
 D = Turns resting spent in this place as a percentage of non-inter-level travel turns spent in this place.
 E = Turns spent auto-exploring this place as a percentage of non-inter-level travel turns spent in this place.
 F = Non-inter-level travel turns spent in this place divided by the number of levels of this place that you've seen.
                   A       B       C       D       E      F
               +-------+-------+-------+-------+-------+----------------------
         Total | 100.0 | 100.0 |   3.5 |   0.0 |   0.0 | 192.8
       Dungeon | 100.0 | 100.0 |   3.5 |   0.0 |   0.0 | 192.8
               +-------+-------+-------+-------+-------+----------------------

Table legend:
 A = Kills in this place as a percentage of kills in entire the game.
 B = Kills by you in this place as a percentage of kills by you in the entire game.
 C = Kills by friends in this place as a percentage of kills by friends in the entire game.
 D = Other kills in this place as a percentage of other kills in the entire game.
 E = Experience gained in this place as a percentage of experience gained in the entire game.
 F = Experience gained in this place divided by the number of levels of this place that you have seen.
                   A       B       C       D       E      F
               +-------+-------+-------+-------+-------+----------------------
         Total | 100.0 | 100.0 |   N/A |   N/A | 100.0 | 154.8
       Dungeon | 100.0 | 100.0 |   N/A |   N/A | 100.0 | 154.8
               +-------+-------+-------+-------+-------+----------------------

Levels and vault maps discovered:
D:1:      minmay_arrival_split_and_join, layout_rooms, serial_curves,
          eino_curves_02, eino_curves_03, chequers_serial_rivers_room_a,
          minivault_27, grunt_decor_fettered, minmay_strange_pillars,
          corexii_corridor_pit, minmay_hexomino_r4
D:2:      layout_rooms, first_ration
D:3:      layout_loops_ring, uniq_sigmund
D:4:      layout_loops_ring, lemuel_doored_altar
D:5:      layout_gridville, minmay_door_square, uniq_prince_ribbit1,
          uniq_grinder
D:6:      layout_rooms, temple_statues
D:7:      layout_layer_cave, serial_shops, shop, uniq_harold
D:8:      layout_basic, david_lair_generic, minmay_shop_mass
D:9:      layout_roguey, minmay_shop_chei, fedhas_ov_isle_minmay, uniq_maurice
